Map: At Eternity's Edge LE

Players

SialicAcid

  • Race: Terran Terran
  • League: Diamond

인공지능 칸 (정예) - Winner!

  • Race: Zerg Zerg

VOD

Have the link to the VOD?

Description

Time

  • Played on: Sept. 22, 2026, 7:23 p.m.
  • Length: 6:51
Show
View Real Time Build Order
Export as new Build Order

SialicAcid Terran 

Build Orders: Reaper Expand, Hellion Banshee 

Get SALT Encoding   

  12  0:00  SCV  
  13  0:12  SCV  
  14  0:17  Supply Depot  
  14  0:24  SCV  
  15  0:38  SCV  
  15  0:40  Barracks  
  16  0:43  Refinery  
  16  0:50  SCV  
  17  1:02  SCV  
  18  1:14  SCV  
  19  1:25  Reaper  
  19  1:26  Orbital Command  
  20  1:39  Command Center  
  20  1:51  Supply Depot  
  20  1:52  SCV  
  21  1:59  Marine  
  22  2:04  Factory  
  22  2:08  SCV  
  23  2:20  SCV  
  23  2:21  Barracks Reactor  
  24  2:32  SCV  
  25  2:39  Command Center  
  25  2:47  SCV  
  26  2:53  Orbital Command  
  26  2:59  Starport  
  26  3:04  Hellion  
  28  3:06  SCV  
  28  3:12  Hellion  
  31  3:18  SCV  
  31  3:19  Refinery  
  32  3:21  SCV  
  32  3:25  Barracks Tech Lab  
  33  3:30  Hellion  
  33  3:33  SCV  
  33  3:34  Hellion  
  38  3:36  SCV  
  39  3:45  SCV  
  39  3:47  Banshee  
  43  3:50  SCV  
  48  3:55  Hellion x2  
  48  3:56  Orbital Command  
  48  4:02  SCV  
  49  4:04  SCV  
  49  4:05  Cloaking Field  
  50  4:13  Barracks Tech Lab, Supply Depot  
  50  4:14  SCV  
  50  4:16  SCV  
  50  4:24  SCV  
  50  4:26  SCV  
  50  4:31  Barracks x2, Factory Reactor, SCV  
  53  4:35  Refinery  
  53  4:36  SCV  
  53  4:38  Banshee  
  54  4:44  SCV, Refinery  
  58  4:46  SCV  
  58  4:51  SCV  
  60  4:56  SCV  
  61  5:00  Combat Shield, Engineering Bay  
  61  5:01  Engineering Bay  
  61  5:02  Marine  
  61  5:03  SCV  
  63  5:07  SCV  
  63  5:12  SCV  
  65  5:15  SCV  
  65  5:16  Orbital Command  
  66  5:23  Marine x2  
  66  5:24  Marine  
  69  5:34  Supply Depot  
  69  5:36  Marine x2, SCV, Siege Tank  
  69  5:40  Marine  
  69  5:41  Marine, Supply Depot  
  69  5:42  Starport Reactor  
  77  5:43  Marine  
  77  5:49  SCV x3  
  81  5:54  Marine x2  
  83  5:58  Marine  
  83  5:59  Marine  
  83  6:03  Armory, SCV  
  83  6:04  SCV  
  87  6:06  Marine  
  87  6:07  Barracks  
  87  6:09  Barracks  
  87  6:10  Siege Tank  
  91  6:12  Marine  
  91  6:15  SCV  
  91  6:16  Marine x2  
  95  6:19  SCV x2  
  97  6:25  Marine  
  97  6:26  Marine  
  101  6:34  SCV  
  101  6:35  SCV x2  
  109  6:49  Command Center  
Show
View Real Time Build Order
Export as new Build Order

인공지능 칸 (정예) Zerg - Winner!

Build Orders: Hatch First 

Get SALT Encoding   

  12  0:00  Drone  
  13  0:12  Overlord  
  13  0:16  Drone  
  14  0:30  Drone x2  
  14  0:34  Drone  
  17  0:53  Hatchery  
  17  0:54  Drone  
  17  1:10  Spawning Pool  
  16  1:11  Extractor  
  16  1:13  Drone  
  16  1:17  Drone  
  17  1:21  Drone  
  18  1:28  Drone  
  19  1:38  Overlord  
  19  1:49  Drone  
  20  1:57  Queen  
  20  2:00  Zergling x2  
  23  2:05  Drone  
  24  2:16  Queen  
  24  2:19  Drone  
  27  2:28  Zergling x2  
  27  2:35  Roach Warren  
  27  2:36  Extractor  
  25  2:38  Drone  
  25  2:41  Drone  
  27  2:47  Overlord  
  27  2:50  Drone  
  28  2:54  Drone  
  28  2:57  Drone  
  30  3:01  Drone  
  30  3:04  Drone  
  32  3:06  Zergling x2  
  33  3:13  Zergling x2  
  33  3:15  Roach  
  38  3:20  Roach  
  38  3:24  Roach  
  40  3:27  Roach  
  40  3:30  Drone  
  40  3:33  Drone  
  44  3:38  Overlord  
  44  3:46  Lair  
  44  3:56  Drone x2  
  44  3:57  Drone  
  44  3:59  Drone  
  44  4:02  Drone  
  49  4:03  Drone  
  49  4:06  Drone  
  49  4:08  Drone  
  52  4:13  Overlord  
  52  4:15  Zergling x2  
  51  4:31  Zergling x6, Drone x5  
  56  4:38  Overlord  
  59  4:42  Overlord  
  59  4:47  Infestation Pit, Drone  
  59  4:50  Spire  
  59  4:51  Drone  
  59  4:56  Zergling x2, Roach x2  
  59  4:57  Roach  
  66  5:00  Roach  
  66  5:02  Overlord  
  68  5:10  Drone  
  68  5:12  Drone  
  70  5:14  Overlord  
  70  5:17  Roach  
  70  5:19  Roach  
  74  5:22  Roach  
  74  5:24  Roach  
  74  5:27  Overlord, Hive  
  78  5:29  Overlord  
  78  5:35  Spore Crawler  
  77  5:37  Spore Crawler  
  77  5:41  Queen  
  78  5:43  Drone  
  78  5:44  Drone  
  80  5:58  Corruptor  
  80  5:59  Corruptor  
  80  6:00  Corruptor  
  86  6:08  Overlord, Overseer  
  86  6:16  Overlord, Corruptor  
  88  6:19  Overlord  
  88  6:27  Drone  
  88  6:28  Evolution Chamber  
  88  6:29  Drone  
  89  6:38  Hydralisk Den, Drone  
  89  6:39  Extractor  
  88  6:41  Extractor  
Tags
 
Add a new tag
Caveats
  • Supply blocks, unpowered buildings, or Contaminate may cause inaccurate times.
  • Supply counts are checked every 10 seconds.